 Dungeon Crawl Stone Soup version 0.28-a0-2-g643f2454ad (webtiles) character file.

Game seed: 18370124634885592139

55 Spectrina the Sneak (level 4, -1/35 HPs)
             Began as a Djinni Delver on July 22, 2021.
             Slain by Robin (5 damage)
             ... on level 2 of the Dungeon.
             The game lasted 00:04:07 (266 turns).

Spectrina the Sneak (Djinni Delver)                  Turns: 266, Time: 00:04:07

Health: -1/35      AC:  3    Str: 11    XL:     4   Next: 14%
Gold:   23         EV: 12    Int: 12    God:
                   SH:  0    Dex: 15

rFire   + + +      SeeInvis .   h - +0 shortbow (vorpal)
rCold   . . .      Faith    .   (shield currently unavailable)
rNeg    . . .      Spirit   .   a - +0 leather armour
rPois   ∞          Reflect  .   (no helmet)
rElec   +          Harm     .   (no cloak)
rCorr   +          Rampage  .   (no gloves)
Will    .....                   (boots unavailable)
Stlth   ++........              (no amulet)
HPRegen 0.11/turn               (no ring)
MPRegen 0.00/turn               (no ring)

@: resistant, weak-willed, flying
A: sickness immunity, fire resistance 2, cold vulnerability 1, float, innate
caster, hp casting, extra vitality 1
a: no special abilities


You were on level 2 of the Dungeon.
You visited 1 branch of the dungeon, and saw 4 of its levels.

You collected 23 gold pieces.

Inventory:

Hand Weapons
 h - a +0 vorpal shortbow (weapon)
Missiles
 i - 10 arrows (quivered ammo)
 k - 20 stones
Armour
 a - a +0 leather armour (worn)
Magical Staves
 g - a staff of cold
Wands
 f - a wand of digging (8)
Scrolls
 b - a scroll of fog
 c - a scroll of magic mapping
 d - 2 scrolls of vulnerability
Potions
 e - 2 potions of haste


   Skills:
 - Level 3.0 Fighting
 - Level 2.1 Dodging
 - Level 4.1 Stealth
 - Level 2.0 Unarmed Combat
 + Level 2.5 Spellcasting


You had 7 spell levels left.
You knew the following spells:

 Your Spells              Type           Power      Damage    Failure   Level
a - Foxfire               Conj/Fire      28%        2x1d5     12%         1
Your spell library was empty.

Dungeon Overview and Level Annotations

Branches:
Dungeon (5/15)
 Temple: D:4-7

Altars:

Annotations:
D:2 Robin


Innate Abilities, Weirdness & Mutations

You are immune to sickness and miasma.
You are immune to poison.
Your flesh is very heat resistant. (rF++)
You are vulnerable to cold. (rC-)
You float through the air rather than walking.
You learn spells naturally, not from books.
Your magical power is your life essence.
You have superior vitality. (+4 HP)


Message History

Aim: a goblin, wielding a +0 dagger (51% to hit)
Really fire in your foxfire's direction?
Okay, then.
Unknown command.
Fire: 13 arrows
Press: ? - help, Q - select action, (/) - cycle Shift-Dir - straight line, f/p - goblin
Aim: a goblin, wielding a +0 dagger (51% to hit)
Really fire in your foxfire's direction?
Okay, then.
Fire: 13 arrows
Press: ? - help, Q - select action, (/) - cycle Shift-Dir - straight line, f - goblin, p - goblin
Aim: a goblin, wielding a +0 club (weak-willed, 51% to hit)
You shoot an arrow.
The arrow hits the goblin but does no damage.
You hear a shout!
The foxfire hits Robin.
Robin is moderately wounded.
Robin hits you but does no damage. The goblin barely misses you.
A goblin comes into view. It is wielding a +0 dagger.
Robin barely misses you. The goblin misses you.
The goblin moves out of view.
Unknown command.
Fire: 12 arrows
Press: ? - help, Q - select action, (/) - cycle Shift-Dir - straight line, f/p - goblin
Aim: a goblin, wielding a +0 club (weak-willed, 51% to hit)
You shoot an arrow. The arrow closely misses the goblin.
A hobgoblin comes into view.
Robin roars a battlecry!
The goblins go into a battle-frenzy!
The goblin hits you with a +0 club.
* * * LOW HITPOINT WARNING * * *
The hobgoblin shouts!
You hear a shout!
Unknown command.
Unknown command.
Fire: 11 arrows
Press: ? - help, Q - select action, (/) - cycle Shift-Dir - straight line, f/p - goblin
Aim: a goblin, wielding a +0 club (strong, weak-willed, 51% to hit)
You shoot an arrow. The arrow hits the goblin!
You kill the goblin!
Robin hits you from afar with a +0 spear.
You die...

### #.# ..# #.# #.#
########)#
#......#@#
#..)..>#)#
#......#g#######
#####.......g.§....#
#...'..............#
#####..............#
####'##...######
#g##...#
#.####.##...#


You could see Robin (weak-willed) and a goblin (strong).

Vanquished Creatures
  A hound (D:4)
  An adder (D:3)
  A worm (D:4)
  7 goblins
  2 hobgoblins
  A quokka (D:4)
  A bat (D:3)
  A frilled lizard (D:3)
15 creatures vanquished.

Vanquished Creatures (others)
  22 foxfires
22 creatures vanquished.

Grand Total: 37 creatures vanquished

Notes
Turn   | Place    | Note
-------+----------+-------------------------------------------
     0 | D:5      | Spectrina the Djinni Delver began the quest for the Orb.
     0 | D:5      | Reached XP level 1. HP: 20/20 MP: 0/0
    18 | D:5      | Noticed a scorpion
    41 | D:4      | Noticed a hound
    48 | D:4      | Killed a hound
    49 | D:4      | Reached XP level 2. HP: 16/25 MP: 0/0
    49 | D:4      | Reached XP level 3. HP: 19/30 MP: 0/0
    49 | D:4      | Learned a level 1 spell: Foxfire
   118 | D:4      | Noticed an ogre
   221 | D:2      | Reached XP level 4. HP: 23/35 MP: 0/0
   241 | D:2      | Noticed Robin
   266 | D:2      | Slain by Robin

Illustrated notes

Levels and vault maps discovered:
D:2:      layout_basic, serial_shops, nicolae_shop_competitors_out_of_business,
          shop_statue, nicolae_shop_temple_entry_statues_fountains,
          nicolae_shop_competitors_out_of_business,
          dreamdust_ecumenical_altar_sealed_demon, grunt_ministairs_1,
          minmay_hedge_maze, st_stairs_3, uniq_robin
D:3:      layout_rooms, gammafunk_ghost_grave
D:4:      layout_gridville, riverfiend_overflow_shadow_ancestor, serial_forest,
          infiniplex_forest_lined_room_, infiniplex_forest_lined_2,
          infiniplex_forest_zigzag_1, infiniplex_forest_clump_small,
          infiniplex_forest_corner_1, infiniplex_forest_diagonal
D:5:      layout_cave_pools

Skill      XL: |  1 |
---------------+----+-----
Spellcasting   | 2 |  2.5
Fighting       | |  3.0
Dodging        | |  2.1
Stealth        | |  4.1
Unarmed Combat | |  2.0

Action                   |  1- 3 |  4- 6 || total
-------------------------+-------+-------++-------
 Fire: Shortbow          |    18 |     8 ||    26
 Cast: Foxfire           |     8 |     5 ||    13
  Use: Scroll            |     1 |     1 ||     2
       Potion            |       |     1 ||     1
Armor: Leather armour    |     1 |     4 ||     5
Dodge: Dodged            |    12 |     5 ||    17

Table legend: (Time is in decaauts)
 A = Elapsed time spent in this place.
 B = Non-inter-level travel time spent in this place.
 C = Inter-level travel time spent in this place.
 D = Time resting spent in this place.
 E = Time spent auto-exploring this place.
 F = Levels seen in this place.
 G = Mean time per level.
                   A        B        C        D        E       F      G
               +--------+--------+--------+--------+--------+-----+--------+
         Total |    271 |    271 |      0 |      0 |      0 |   4 |   67.8 |
       Dungeon |    271 |    271 |      0 |      0 |      0 |   4 |   67.8 |
               +--------+--------+--------+--------+--------+-----+--------+

Top non-repeatable levels by time:
     D:4: 101 daAuts
     D:3: 79 daAuts
     D:2: 50 daAuts
     D:5: 40 daAuts
